 Dungeon Crawl Stone Soup version 0.31-a0-246-g8cbcc1cb85 (webtiles) character file.

Game seed: 12052692331755539054

436 qw the Shooter (level 6, 0/53 HPs)
             Began as a Minotaur Hexslinger on July 12, 2023.
             Was an Initiate of Okawaru.
             Slain by an ogre
             ... wielding a +0 giant club
              (20 damage)
             ... on level 5 of the Dungeon.
             The game lasted 00:01:10 (3675 turns).

qw the Shooter (Minotaur Hexslinger)                Turns: 3675, Time: 00:01:11

Health: 0/53       AC:  7    Str: 12    XL:     6   Next: 68%
Magic:  6/6        EV: 11    Int: 10    God:    Okawaru [......]
Gold:   1211       SH:  0    Dex: 15    Spells: 6/7 levels left

rFire   . . .        Y - +4 sling (flame)
rCold   . . .        (no shield)
rNeg    . . .        m - +0 ring mail
rPois   .            (helmet restricted)
rElec   .            (no cloak)
rCorr   .            c - +1 pair of gloves
SInv    .            (no boots)
Will    .....        (no amulet)
Stlth   +            (no ring)
HPRegen 0.28/turn    (no ring)
MPRegen 0.10/turn

%: no passive effects
@: no status effects
A: horns 2, retaliatory headbutt
a: Renounce Religion


You were on level 5 of the Dungeon.
You worshipped Okawaru.
Okawaru was noncommittal.
You visited 2 branches of the dungeon, and saw 6 of its levels.

You collected 1235 gold pieces.
You spent 24 gold pieces at shops.


Innate Abilities, Weirdness & Mutations

You have a pair of horns on your head.
You reflexively headbutt those who attack you in melee.


   Skills:
 - Level 4.6 Fighting
 + Level 6.6 Ranged Weapons
 - Level 1.0 Armour
 - Level 2.1 Dodging
 - Level 1.0 Spellcasting
 - Level 2.0 Hexes


You had 6 spell levels left.
You knew the following spells:

 Your Spells              Type           Power      Damage    Failure   Level
a - Slow                  Hex            16%        N/A       34%         1

Your spell library contained the following spells:

 Spells                   Type           Power      Damage    Failure   Level
 Inner Flame              Hex/Fire       2%         N/A       83%         3
 Portal Projectile        Hex/Tloc       4%         N/A       83%         3
 Cause Fear               Hex            2%         N/A       98%         4

Inventory:

Hand Weapons
 Y - a +4 sling of flaming (weapon)
Armour
 c - a +1 pair of gloves (worn)
 m - a +0 ring mail (worn)
Scrolls
 b - 3 scrolls of identify
Potions
 e - a potion of enlightenment
 g - 3 potions of resistance
 k - a potion of curing
 l - a potion of haste

Dungeon Overview and Level Annotations

Branches:
Dungeon (5/15)             Temple (1/1) D:4

Altars:
Ashenzari
Dithmenos
Elyvilon
Fedhas
Hepliaklqana
Makhleb
Nemelex Xobeh
Okawaru
Qazlal
Ru
Uskayaw
Vehumet
Xom
The Shining One

Shops:
D:1 [


Message History

The scorpion is moderately wounded.
The scorpion stings you.
You are poisoned.
The scorpion poisons you!
You shoot a sling bullet. The sling bullet hits the scorpion.
The sling bullet burns the scorpion.
The scorpion is severely wounded.
You feel very sick. The scorpion stings you. The scorpion barely misses you.
You shoot a sling bullet.
The sling bullet hits the scorpion but does no damage.
The scorpion is severely wounded.
You feel sick. The scorpion stings you.
You shoot a sling bullet. The sling bullet hits the scorpion.
The sling bullet burns the scorpion.
You kill the scorpion!
Okawaru accepts your kill.
You feel sick. The ogre barely misses you.
You shoot a sling bullet. The sling bullet hits the ogre!
The sling bullet burns the ogre.
The ogre is moderately wounded.
You feel sick.
You shoot a sling bullet.
The sling bullet barely misses the ogre.
The sling bullet hits the orc.
The sling bullet burns the orc.
The orc is moderately wounded.
You feel sick. The ogre hits you with a +0 giant club!
You shoot a sling bullet.
The sling bullet completely misses the ogre.
The sling bullet hits the orc.
The sling bullet burns the orc.
You kill the orc!
Okawaru accepts your kill.
You feel sick. The ogre closely misses you.
You shoot a sling bullet. The sling bullet hits the ogre.
The sling bullet burns the ogre.
The ogre is heavily wounded.
You feel sick.
You are no longer poisoned.
The ogre hits you with a +0 giant club!!
You die...

###
#<#
#@#
#O#
#)#
#)#
...
..#
###


You could see an ogre.

Vanquished Creatures
  An ogre (D:5)
  A scorpion (D:5)
  A crimson imp (D:4)
  A jelly (D:3)
  An orc priest (D:3)
  2 sleepcaps (D:4)
  An orc wizard (D:3)
  4 adders
  A worm (D:2)
  2 dart slugs
  12 orcs
  5 bats
  4 endoplasms
  A giant cockroach (D:1)
  4 goblins
  7 hobgoblins
  2 jackals (D:1)
  7 kobolds
  3 quokkas
  9 ball pythons
  2 frilled lizards
  4 rats (D:1)
75 creatures vanquished.

Notes
Turn   | Place    | Note
-------+----------+-------------------------------------------
     0 | D:1      | qw the Minotaur Hexslinger began the quest for the Orb.
     0 | D:1      | Reached XP level 1. HP: 16/16 MP: 1/1
     0 | D:1      | 0 ||| qw: Version: 0.3-a-52-g30416fa
     0 | D:1      | 0 ||| qw: Game counter: 6333
     0 | D:1      | 0 ||| qw: Melee chars always use a shield: true
     0 | D:1      | 0 ||| qw: God list: Okawaru
     0 | D:1      | 0 ||| qw: Allow faded altars: false
     0 | D:1      | 0 ||| qw: Do Orc after clearing Dungeon:15 true
     0 | D:1      | 0 ||| qw: Do second Lair branch before Depths: true
     0 | D:1      | 0 ||| qw: Lair rune preference: random
     0 | D:1      | 0 ||| qw: Goals: Normal
     0 | D:1      | 0 ||| PLANNING D:1-11
    74 | D:1      | Found Dyimecs's Armour Boutique.
    80 | D:1      | 80 ||| BUYING +0 leather armour (24 gold).
    80 | D:1      | Bought a +0 leather armour for 24 gold pieces
    80 | D:1      | 80 ||| SHOPLISTING +0 ring mail (48 gold, have 3).
    80 | D:1      | 80 ||| SHOPLISTING +0 ring mail of cold resistance (132
                  | gold, have 3).
    80 | D:1      | 80 ||| SHOPLISTING +0 troll leather armour (180 gold, have
                  | 3).
   111 | D:1      | Reached skill level 3 in Ranged Weapons
   111 | D:1      | Reached XP level 2. HP: 23/23 MP: 2/2
   795 | D:1      | 795 ||| UPGRADING to +0 leather armour.
   805 | D:1      | 805 ||| DROPPING +0 robe.
   806 | D:1      | 806 ||| UPGRADING to +0 ring mail.
   816 | D:1      | 816 ||| DROPPING +0 leather armour.
   817 | D:1      | 817 ||| READING scroll labelled ETEANG LEIHUOWK.
   818 | D:1      | 818 ||| READING scroll labelled JOZEFOKAOL.
   919 | D:1      | 919 ||| READING 2 scrolls labelled ENERAU XOEJ.
   920 | D:1      | 920 ||| READING scroll of enchant weapon.
   920 | D:1      | 920 ||| ENCHANTING +2 sling.
   921 | D:1      | 921 ||| READING 3 scrolls labelled QYCYRI GAGYD.
   922 | D:1      | 922 ||| DRINKING 2 glowing grey potions.
  1027 | D:1      | 1027 ||| DROPPING scroll of poison.
  1028 | D:1      | 1028 ||| DROPPING potion of berserk rage.
  1029 | D:1      | 1029 ||| DROPPING 2 scrolls of blinking.
  1175 | D:2      | Reached XP level 3. HP: 29/29 MP: 3/3
  1574 | D:2      | Reached skill level 4 in Ranged Weapons
  1739 | D:2      | 1739 ||| READING 3 scrolls labelled MUREGHE OCRI.
  1740 | D:2      | 1740 ||| DRINKING 2 smoky emerald potions.
  1741 | D:2      | 1741 ||| READING 2 scrolls of identify.
  1741 | D:2      | 1741 ||| IDENTIFYING fuming pink potion
  1783 | D:3      | Found a glowing golden altar of the Shining One.
  1805 | D:3      | Found a shadowy altar of Dithmenos.
  1812 | D:3      | Reached skill level 1 in Armour
  1837 | D:3      | 1837 ||| READING scroll of enchant weapon.
  1837 | D:3      | 1837 ||| ENCHANTING +3 sling.
  1946 | D:3      | Reached XP level 4. HP: 36/36 MP: 4/4
  1998 | D:3      | 1998 ||| FLEEEEING.
  2089 | D:3      | Found a hazy altar of Hepliaklqana.
  2096 | D:3      | Reached skill level 5 in Ranged Weapons
  2135 | D:3      | Found a faded altar of an unknown god.
  2189 | D:3      | Found a blossoming altar of Fedhas.
  2245 | D:3      | Reached XP level 5. HP: 42/42 MP: 5/5
  2360 | D:3      | Reached skill level 3 in Fighting
  2377 | D:3      | Found a sparkling altar of Nemelex Xobeh.
  2498 | D:3      | 2498 ||| READING scroll labelled DOLUSO MIMN.
  2499 | D:3      | 2499 ||| READING scroll labelled CUVVUQ QEICW.
  2500 | D:3      | 2500 ||| READING 3 scrolls labelled JAMUCK OPLIC.
  2501 | D:3      | 2501 ||| READING 2 scrolls of brand weapon.
  2501 | D:3      | 2501 ||| BRANDING +4 sling of flaming.
  2502 | D:3      | 2502 ||| READING scroll of brand weapon.
  2502 | D:3      | 2502 ||| BRANDING +4 sling of draining.
  2503 | D:3      | 2503 ||| READING scroll labelled ZASUCA VEGGIN.
  2503 | D:3      | Identified a scroll of acquirement
  2503 | D:3      | 2503 ||| ACQUIRING 1068 gold pieces
  2503 | D:3      | Acquired 1068 gold pieces
  2505 | D:3      | 2505 ||| READING 2 scrolls of identify.
  2505 | D:3      | 2505 ||| IDENTIFYING lumpy brown potion
  2529 | D:4      | Found a hide-covered altar of Uskayaw.
  2701 | D:4      | Found a burning altar of Makhleb.
  2701 | D:4      | Found a shimmering altar of Xom.
  2825 | D:4      | Found a staircase to the Ecumenical Temple.
  2826 | D:4      | 2826 ||| PLANNING TEMPLE
  2826 | D:4      | 2826 ||| READING scroll labelled XOIFIEVIFF.
  2831 | D:4      | 2831 ||| READING 2 scrolls of identify.
  2831 | D:4      | 2831 ||| IDENTIFYING orange potion
  2878 | Temple   | Entered the Ecumenical Temple
  2915 | Temple   | 2915 ||| PLANNING OKAWARU WORSHIP
  3016 | Temple   | Became a worshipper of Warmaster Okawaru
  3017 | Temple   | 3017 ||| PLANNING D:1-11
  3142 | D:4      | Reached skill level 6 in Ranged Weapons
  3318 | D:4      | Reached XP level 6. HP: 49/51 MP: 6/6
  3620 | D:4      | 3620 ||| UPGRADING to +0 pair of gloves.
  3625 | D:4      | 3625 ||| READING scroll of enchant armour.
  3625 | D:4      | 3625 ||| ENCHANTING +0 pair of gloves.
  3655 | D:5      | Entered Level 5 of the Dungeon
  3675 | D:5      | Slain by an ogre

Levels and vault maps discovered:
D:1:      mainiacjoe_arrival_reflecting_pool, layout_loops_cross, serial_shops,
          shop, dk_noncrumbling_4
D:2:      layout_basic, grunt_ministairs_8
D:3:      layout_rooms, beargit_hepliaklqana_dungeon_heroes,
          mainiacjoe_overflow_brackets, mainiacjoe_overflow_alcove_4,
          mainiacjoe_overflow_cross_hatched, mainiacjoe_overflow_tiny_flanked
D:4:      layout_basic, grunt_temple_overflow_champion_of_chaos,
          nicolae_uskayaw_murder_on_the_dancefloor, temple_fountains,
          patterned_corridor
D:5:      layout_basic, nicolae_gozag_cash_rules_everything_around_me,
          mainiacjoe_overflow_paths, ebering_ghost_rock_garden
Temple:   hellmonk_temple_beads

Skill      XL: |  1  2  3  4  5  6 |
---------------+-------------------+-----
Ranged Weapons | 3 4 5 6 |  6.6
Fighting       | 2 3 4 |  4.6
Armour         | 1 |  1.0
Dodging        | |  2.1
Spellcasting   | |  1.0
Hexes          | |  2.0

Action                     |  1- 3 |  4- 6 || total
---------------------------+-------+-------++-------
   Fire: Sling             |   121 |   104 ||   225
    Use: Scroll            |     8 |    10 ||    18
         Potion            |     2 |       ||     2
 Armour: Robe              |     7 |       ||     7
         Ring mail         |     8 |    14 ||    22
  Dodge: Dodged            |    29 |    28 ||    57

Table legend:
 A = Non-vault XP
 B = Vault XP
 C = Vault XP percentage of total XP
 D = Non-vault monster count
 E = Vault monster count
 F = Vault count percentage of total count
                 A         B        C        D         E       F
            +---------+---------+-------+---------+---------+-------
      Total |     536 |      87 |  14.0 |      71 |       4 |   5.3
            +---------+---------+-------+---------+---------+-------
        D:1 |      40 |       0 |   0.0 |      25 |       0 |   0.0
        D:2 |      34 |       2 |   5.6 |       9 |       2 |  18.2
        D:3 |     133 |      35 |  20.8 |      20 |       1 |   4.8
        D:4 |     118 |      50 |  29.8 |      11 |       1 |   8.3
        D:5 |     211 |       0 |   0.0 |       6 |       0 |   0.0
            +---------+---------+-------+---------+---------+-------
